 Dungeon Crawl Stone Soup version 0.30-a0-137-gd8773701ce (webtiles) character file.

Game seed: 14714586933311224542

21088 KennySheep the Basher (level 12, -3/72 HPs)
             Began as a Tengu Gladiator on Sept 23, 2022.
             Was an Elder of Kikubaaqudgha.
             Slain by a cyclops (28 damage)
             ... on level 12 of the Dungeon.
             The game lasted 01:21:03 (23514 turns).

KennySheep the Basher (Tengu Gladiator)            Turns: 23514, Time: 01:21:03

Health: -3/72      AC: 13    Str: 12    XL:     12   Next: 86%
Magic:  20/20      EV: 18    Int: 15    God:    Kikubaaqudgha [****..]
Gold:   867        SH: 12    Dex: 15    Spells: 4/21 levels left

rFire   . . .      SeeInvis .    a - +2 whip (pain)
rCold   + . .      Faith    .    w - +2 buckler
rNeg    . . .      Spirit   .    H - +2 steam dragon scales
rPois   .          Reflect  +    c - +1 hat
rElec   .          Harm     .    h - scarf {repulsion}
rCorr   .          Rampage  .    (no gloves)
Will    .....                    (boots unavailable)
Stlth   +++.......               B - amulet of reflection
HPRegen 0.22/turn                t - +4 ring of protection
MPRegen 0.17/turn                J - ring of protection from cold

@: flying quickly and evasively, repel missiles, quick
A: beak, talons 3, nimble flight, weak 1, wild magic 1
a: Renounce Religion, Unearth Wretches


You were on level 12 of the Dungeon.
You worshipped Kikubaaqudgha.
Kikubaaqudgha was greatly pleased with you.
You visited 3 branches of the dungeon, and saw 16 of its levels.
You also visited: Ice Cave.

You collected 867 gold pieces.

Inventory:

Hand Weapons
 a - a +2 whip of pain (weapon)
 b - the +9 staff of Olgreb {rPois∞}
   (You found it on level 6 of the Dungeon)

   If the wielder is skilled in Evocations, they can envenom those struck by it,
   dealing poison damage which bypasses armour.
   It enhances your poison magic.
   It grants immunity to poison.
   It can be activated via the 'a'bility menu to radiate toxic energy, with
   effectiveness depending on Evocations skill.
Missiles
 g - a javelin
 z - 12 silver javelins
Armour
 c - a +1 hat (worn)
 h - a scarf of repulsion (worn)
 w - a +2 buckler (worn)
 H - +2 steam dragon scales (worn)
Jewellery
 f - a ring of protection from fire
 t - a +4 ring of protection (left hand)
 v - a ring of poison resistance
 B - an amulet of reflection (around neck)
 J - a ring of protection from cold (right hand)
Wands
 d - a wand of flame (10)
 q - a wand of charming (18)
 y - a wand of light (13)
 E - a wand of roots (5)
 F - a wand of polymorph (6)
 G - a wand of digging (2)
Scrolls
 i - 3 scrolls of fear
 j - a scroll of torment
 l - 2 scrolls of blinking
 m - 2 scrolls of immolation
 n - 2 scrolls of teleportation
 o - 5 scrolls of poison
 p - 4 scrolls of magic mapping
 s - 5 scrolls of enchant armour
 u - 2 scrolls of vulnerability
 A - 4 scrolls of fog
 C - 2 scrolls of silence
 I - a scroll of summoning
 M - a scroll of amnesia
 N - a scroll of brand weapon
Potions
 e - 3 potions of curing
 k - 4 potions of brilliance
 r - a potion of berserk rage
 x - a potion of lignification
 D - a potion of heal wounds
 K - a potion of magic
 L - a potion of might {unknown}
 O - a potion of flight {unknown}


   Skills:
 + Level 7.1 Fighting
 - Level 12.0(12.3) Maces & Flails
 - Level 3.8(5.0) Polearms
 - Level 4.9(9.5) Staves
 - Level 2.0 Throwing
 + Level 7.4 Armour
 + Level 8.1 Dodging
 + Level 4.2 Stealth
 - Level 5.5 Shields
 - Level 5.0 Spellcasting
 * Level 8.4 Necromancy
 * Level 4.7 Evocations


You had 4 spell levels left.
You knew the following spells:

 Your Spells              Type           Power      Damage    Failure   Level
a - Necrotise             Necr           100%       1d9       1%          1
b - Vampiric Draining     Necr           37%        2d8       3%          3
c - Sublimation of Blood  Necr           37%        N/A       2%          2
d - Orb of Destruction    Conj           2%         9d5       100%        7
e - Dispel Undead         Necr           37%        3d15      10%         4

Your spell library contained the following spells:

 Spells                   Type           Power      Damage    Failure   Level
 Cigotuvi's Dreadful Rot  Necr/Pois/Air  30%        N/A       14%         2
 Freeze                   Ice            16%        1d4       28%         1
 Anguish                  Hex/Necr       10%        N/A       45%         4
 Call Canine Familiar     Summ           4%         N/A       61%         3
 Frozen Ramparts          Ice            8%         1d2       61%         3
 Portal Projectile        Hex/Tloc       8%         N/A       61%         3
 Stone Arrow              Conj/Erth      8%         3d7       61%         3
 Animate Armour           Summ/Erth      8%         N/A       94%         4
 Hailstorm                Conj/Ice       4%         3d4       94%         4
 Leda's Liquefaction      Hex/Erth       2%         N/A       94%         4
 Agony                    Necr           37%        N/A       26%         5
 Death Channel            Necr           18%        N/A       77%         6
 Borgnjor's Vile Clutch   Necr/Erth      10%        N/A       78%         5
 Fireball                 Conj/Fire      2%         3d4       100%        5
 Iskenderun's Battlesphe  Conj           4%         2d6       100%        5
 Conjure Ball Lightning   Conj/Air       2%         3x3d6     100%        6
 Simulacrum               Ice/Necr       10%        N/A       100%        6
 Lehudib's Crystal Spear  Conj/Erth      2%         10d2      100%        8


Dungeon Overview and Level Annotations

Branches:
Dungeon (12/15)            Temple (1/1) D:4            Lair (3/5) D:10
  IceCv (visited)
  Swamp: Lair:2-3    Shoals: Lair:2-3     Snake: Lair:2-3    Spider: Lair:2-3
    Orc: D:9-12

Altars:
Ashenzari
Cheibriados
Dithmenos
Elyvilon
Fedhas
Gozag
Hepliaklqana
Kikubaaqudgha
Makhleb
Nemelex Xobeh
Okawaru
Qazlal
Ru
Sif Muna
Trog
Uskayaw
Vehumet
Wu Jian
Xom
Yredelemnul
Zin
The Shining One

Shops:
D:11 [

Portals:
Trove: D:11 (give 5 scrolls of blinking)

Annotations:
D:4 1 runed translucent door, Crazy Yiuf
D:6 1 runed translucent door
Lair:2 exclusions: 3 death yaks and 3 more exclusions
Lair:3 exclusion: ice statue, Gastronok


Innate Abilities, Weirdness & Mutations

You have a beak for a mouth.
You have claws for feet.
Your magical nature lets you fly swiftly and evasively.
You are weak. (Str -2)
Your spells are a little harder to cast, but a little more powerful.


Message History

You peck the basilisk.
You kill the basilisk!
Kikubaaqudgha accepts your kill.
You start resting.
HP restored.
You reach down and open the door.
There is an open door here.
The cyclops shouts!
The cyclops throws a large rock.
The large rock is repelled.
There is an open door here.
As you close the door, it creaks loudly!
You start waiting.
A cyclops is nearby!
The cyclops hits you!!
You hit the cyclops.
The cyclops writhes in agony!
You claw the cyclops, but do no damage.
The cyclops is lightly wounded.
You hit the cyclops.
The cyclops writhes in agony.
You claw the cyclops.
The cyclops is moderately wounded.
You hit the cyclops. Your kick misses the cyclops.
The cyclops is moderately wounded.
The cyclops hits you!!
You barely miss the cyclops. You claw the cyclops, but do no damage.
You peck the cyclops.
The cyclops is heavily wounded.
You hit the cyclops but do no damage.
The cyclops writhes in agony.
You claw the cyclops. You peck the cyclops.
The cyclops is heavily wounded.
You block the cyclops's attack.
You hit the cyclops but do no damage. You claw the cyclops, but do no damage.
The cyclops is heavily wounded.
You hit the cyclops.
The cyclops writhes in agony.
You peck the cyclops, but do no damage.
The cyclops is severely wounded.
You whack the cyclops!
The cyclops writhes in agony.
You claw the cyclops. Your peck misses the cyclops.
The cyclops is almost dead.
The cyclops hits you!!
You die...
Kikubaaqudgha rasps: "You have failed me!
Welcome... death!"

.. #.
.#####.####
..........#
#....|....###
.C........+.#
..........#.#
......../.#.#
....^.....#@#
..........C.#
..###########
.. y##


You could see a cyclops.

Vanquished Creatures
  Josephine (D:10)
  Erica (D:10)
  A two-headed ogre (D:7)
  Urug (D:10)
  Sonja (D:11)
  A deep elf pyromancer (D:12)
  Pikel (D:7)
  An ugly thing (IceCv)
  A cyclops (D:11)
  2 black mambas
  An ice statue (IceCv)
  A gargoyle (D:11)
  Psyche (D:12)
  A cane toad (Lair:3)
  4 rime drakes
  An unseen horror (D:10)
  2 kobold demonologists (D:10)
  A komodo dragon (Lair:1)
  Maggie (D:9)
  A troll (D:11)
  Grinder (D:3)
  8 blink frogs
  Prince Ribbit (D:7)
  2 water elementals (D:12)
  A wyvern (D:8)
  9 yaks (Lair:1)
  5 wraiths
  3 basilisks
  2 steam dragons
  2 redbacks (D:6)
  3 vampire mosquitoes (D:9)
  Edmund (D:5)
  A death yak simulacrum (IceCv)
  3 wargs (D:10)
  An acid dragon (D:10)
  Duvessa (D:7)
  3 water moccasins
  5 orc warriors
  3 ice beasts
  4 black bears
  3 wolves (Lair:2)
  6 centaurs
  2 ogres
  3 phantoms
  A lemure (D:8)
  2 kobold brigands
  8 bullfrogs
  A gnoll sergeant (D:11)
  3 necrophages
  5 scorpions
  A cane toad simulacrum (IceCv)
  4 wights (D:8)
  Dowan (D:7)
  2 elephant simulacra (IceCv)
  9 killer bees (D:6)
  3 howler monkeys
  2 electric eels (D:12)
  5 hounds
  8 orc priests
  4 gnoll boudas
  Jessica (D:3)
  6 iguanas
  Ijyb (D:5)
  9 orc wizards
  2 polar bear simulacra (IceCv)
  A wolf simulacrum (IceCv)
  18 gnolls
  6 adders
  A shadow imp (D:6)
  A white imp (D:6)
  An ufetubus (D:6)
  A worm (D:2)
  3 dart slugs (D:1)
  23 orcs
  9 ball pythons
  9 endoplasms
  6 giant cockroaches
  5 goblins
  4 hobgoblins
  4 quokkas
  3 bats
  2 frilled lizards
  16 kobolds
  3 rats
292 creatures vanquished.

Vanquished Creatures (collateral kills)
  A bullfrog (D:7)
  An orc wizard (D:9)
  An orc (D:7)
3 creatures vanquished.

Vanquished Creatures (others)
  A gnoll (D:5)
  8 fungi
  59 plants
68 creatures vanquished.

Grand Total: 363 creatures vanquished

Notes
Turn   | Place    | Note
-------+----------+-------------------------------------------
     0 | D:1      | KennySheep the Tengu Gladiator began the quest for the Orb.
     0 | D:1      | Reached XP level 1. HP: 12/12 MP: 2/2
   153 | D:1      | Reached XP level 2. HP: 17/17 MP: 3/3
   443 | D:1      | Found a faded altar of an unknown god.
   478 | D:1      | Reached XP level 3. HP: 15/21 MP: 4/4
   765 | D:1      | Reached skill level 1 in Stealth
  1388 | D:2      | Reached skill level 1 in Spellcasting
  1774 | D:2      | Reached skill level 1 in Armour
  2222 | D:3      | Reached XP level 4. HP: 21/27 MP: 6/6
  2233 | D:3      | Reached skill level 1 in Maces & Flails
  2483 | D:3      | Noticed Grinder
  2884 | D:3      | Reached skill level 1 in Necromancy
  2917 | D:3      | Noticed Jessica
  2933 | D:3      | Killed Jessica
  2934 | D:3      | Gained mutation: Your magical nature lets you fly swiftly
                  | and evasively. [Tengu growth]
  2934 | D:3      | Reached XP level 5. HP: 20/31 MP: 7/7
  3491 | D:4      | Noticed a phantom
  3501 | D:4      | Killed a phantom
  3502 | D:4      | Reached skill level 2 in Maces & Flails
  3571 | D:4      | Reached XP level 6. HP: 27/36 MP: 9/9
  3724 | D:4      | Found a staircase to the Ecumenical Temple.
  3729 | Temple   | Entered the Ecumenical Temple
  4074 | D:3      | Paralysed by Grinder for 3 turns
  4083 | D:3      | Paralysed by Grinder for 3 turns
  4086 | D:3      | Killed Grinder
  4087 | D:3      | Reached skill level 3 in Maces & Flails
  4087 | D:3      | Reached XP level 7. HP: 4/41 MP: 9/11
  4768 | D:4      | Found a runed translucent door.
  4769 | D:4      | Noticed Crazy Yiuf
  5525 | D:5      | Entered Level 5 of the Dungeon
  5563 | D:5      | Reached skill level 4 in Maces & Flails
  5810 | D:5      | Reached XP level 8. HP: 39/46 MP: 12/12
  5830 | D:5      | Gained mutation: You are weak. (Str -2) [potion of
                  | mutation]
  5830 | D:5      | Gained mutation: Your spells are a little harder to cast,
                  | but a little more powerful. [potion of mutation]
  6158 | D:5      | Noticed Ijyb
  6186 | D:5      | Killed Ijyb
  6515 | D:5      | Reached skill level 5 in Maces & Flails
  6563 | D:5      | Noticed Edmund
  6581 | D:5      | Killed Edmund
  6759 | D:5      | You are sucked into a shaft and drop 3 floors!
  6799 | D:7      | Noticed Duvessa
  6799 | D:7      | Noticed Dowan
  6799 | D:7      | Noticed Pikel
  6910 | D:7      | Found an ancient bone altar of Kikubaaqudgha.
  6914 | D:7      | Became a worshipper of Kikubaaqudgha
  7001 | D:6      | Reached skill level 5 in Dodging
  7282 | D:6      | Reached skill level 1 in Shields
  7282 | D:6      | Reached XP level 9. HP: 44/52 MP: 13/15
  7298 | D:6      | Reached skill level 6 in Maces & Flails
  7666 | D:6      | HP: 2/52 [white imp/puff of frost (6)]
  8091 | D:5      | Reached skill level 5 in Necromancy
  8582 | D:6      | Reached * piety under Kikubaaqudgha
  8582 | D:6      | Received a gift from Kikubaaqudgha
  8585 | D:6      | Learned a level 1 spell: Necrotise
  8589 | D:6      | Learned a level 3 spell: Vampiric Draining
  8685 | D:6      | Found a runed translucent door.
  8715 | D:6      | Found a runed translucent gate.
  8717 | D:6      | Found a runed translucent gate.
  8717 | D:6      | Found a runed translucent gate.
  8719 | D:6      | Found a runed translucent door.
  8991 | D:6      | Found the +9 staff of Olgreb {rPois∞}
  9398 | D:8      | Found an iron altar of Okawaru.
  9934 | D:8      | Reached skill level 5 in Fighting
  9934 | D:8      | Reached skill level 7 in Maces & Flails
 10390 | D:8      | Reached skill level 5 in Armour
 10500 | D:9      | Noticed Maggie
 10513 | D:9      | Reached XP level 10. HP: 53/59 MP: 17/17
 10697 | D:9      | Reached ** piety under Kikubaaqudgha
 11140 | D:9      | Killed Maggie
 11420 | D:10     | Entered Level 10 of the Dungeon
 11615 | D:10     | Noticed Josephine
 11652 | D:10     | HP: 1/59 [wraith (6)]
 11878 | D:10     | Noticed a kobold demonologist
 11904 | D:10     | Killed a kobold demonologist
 11983 | D:10     | Noticed a kobold demonologist
 12009 | D:10     | Killed a kobold demonologist
 12243 | D:10     | Found a staircase to the Lair.
 12308 | D:10     | Reached skill level 8 in Maces & Flails
 12630 | D:10     | Learned a level 2 spell: Sublimation of Blood
 12715 | D:10     | HP: 2/59 [something (6)]
 12724 | D:10     | Killed an unseen horror
 13018 | D:10     | Noticed Erica
 13258 | D:10     | Noticed Urug
 13270 | D:11     | Noticed Sonja
 13289 | D:11     | Killed Sonja
 13536 | D:11     | Noticed a two-headed ogre
 13979 | D:11     | Noticed a cyclops
 13980 | D:11     | Found Suaproac's Antique Armour Shoppe.
 13991 | D:11     | Killed a cyclops
 13992 | D:11     | Reached skill level 5 in Spellcasting
 13992 | D:11     | Reached XP level 11. HP: 60/64 MP: 19/19
 14000 | D:11     | Learned a level 7 spell: Orb of Destruction
 14056 | D:11     | Found a portal to a secret trove of treasure.
 14069 | D:11     | Reached skill level 9 in Maces & Flails
 14800 | Lair:1   | Entered Level 1 of the Lair of Beasts
 14919 | Lair:1   | Reached skill level 10 in Maces & Flails
 16021 | D:7      | Reached skill level 11 in Maces & Flails
 16035 | D:7      | Killed Dowan
 16087 | D:7      | Killed Pikel
 16317 | D:7      | Noticed Prince Ribbit
 16337 | D:7      | Killed Prince Ribbit
 16491 | D:7      | Killed Duvessa
 16515 | D:7      | Noticed a two-headed ogre
 16530 | D:7      | Killed a two-headed ogre
 16531 | D:7      | Reached skill level 12 in Maces & Flails
 16738 | D:7      | Reached skill level 1 in Evocations
 17507 | D:6      | Reached *** piety under Kikubaaqudgha
 17507 | D:6      | Received a gift from Kikubaaqudgha
 17528 | D:6      | Learned a level 4 spell: Dispel Undead
 17596 | D:6      | Reached skill level 1 in Staves
 17862 | D:10     | HP: 1/57 [Josephine/ghostly fireball (32)]
 18096 | D:9      | Reached XP level 12. HP: 18/67 MP: 13/20
 19832 | Lair:2   | Noticed a death yak
 20043 | Lair:2   | Noticed a death yak
 20801 | Lair:2   | Noticed a death yak
 20898 | Lair:3   | Found a frozen archway.
 20953 | IceCv    | Entered an ice cave
 20965 | IceCv    | Reached skill level 5 in Shields
 21503 | Lair:3   | Noticed a boulder beetle
 21768 | Lair:3   | Noticed Gastronok
 22227 | Lair:2   | Noticed a death yak
 22227 | Lair:2   | Noticed a death yak
 22227 | Lair:2   | Noticed a death yak
 22307 | D:10     | Killed Josephine
 22718 | D:10     | Killed Erica
 22731 | D:10     | Killed Urug
 23107 | D:12     | Noticed Psyche
 23119 | D:12     | Killed Psyche
 23207 | D:12     | Reached **** piety under Kikubaaqudgha
 23514 | D:12     | Slain by a cyclops

Illustrated notes

Levels and vault maps discovered:
D:1:      lordsloth_arrival_two_stooges, layout_basic,
          ebering_ecumenical_altar_webs, minmay_statues_item
D:2:      layout_basic, minmay_tetromino_o2
D:3:      layout_rooms, uniq_grinder, uniq_jessica
D:4:      layout_cave_pods, minmay_temple_entry_wispy, serial_bayou_pond_a,
          st_stairs_14, uniq_crazy_yiuf_cottage
D:5:      layout_basic, uniq_edmund, uniq_ijyb
D:6:      layout_cave_pools, minmay_guarded_unrand_staff_of_olgreb
D:7:      minmay_octagon_keep, layout_basic, kiku_gazebo_garden_becter,
          nicolae_water_bricks, uniq_prince_ribbit1, uniq_duvessa, uniq_pikel
D:8:      layout_basic, okawaru_ov_weapons_minmay
D:9:      layout_basic, item_on_display_a, uniq_maggie
D:10:     layout_rooms, erik_lair_orcish_takeover, kennysheep_generic_room_7,
          uniq_erica, uniq_urug, uniq_josephine
D:11:     layout_roguey, serial_shops, shop, enter_trove_2, uniq_sonja
D:12:     layout_basic, orc_0_dummy, serial_bayou_lagoon_b, uniq_maurice,
          uniq_psyche
Temple:   nicolae_temple_slightly_damp_pantheon
Lair:1:   layout_roguey, serial_bayou_shore_a, infiniplex_staircase_pool_2,
          lemuel_fruit_tree
Lair:2:   layout_layer_cave
Lair:3:   statuecave_lemuel, layout_misc_corridors, elwin_shoals_entry_stream,
          minmay_snake_entry_six_corridors, portal_ice_cave_rime,
          wad_woods_road_02, uniq_gastronok

Skill      XL: |  1  2  3  4  5  6  7  8  9 10 11 12 |
---------------+-------------------------------------+-----
Stealth        | 1 2 3 4 |  4.2
Spellcasting   | 1 2 3 4 5 |  5.0
Armour         | 1 2 3 4 5 6 7 |  7.4
Maces & Flails | 1 2 3 4 5 7 8 12 | 12.0
Necromancy     | 1 2 4 5 7 8 |  8.4
Fighting       | 3 4 5 6 7 |  7.1
Dodging        | 4 5 6 7 8 |  8.1
Shields        | 1 2 4 5 |  5.5
Evocations     | 1 4 |  4.7
Staves         | 1 4 |  4.9
Polearms       | |  3.8
Throwing       | |  2.0

Action                   |  1- 3 |  4- 6 |  7- 9 | 10-12 || total
-------------------------+-------+-------+-------+-------++-------
Melee: Trident           |   110 |    49 |       |       ||   159
       Kick              |    23 |    28 |   143 |   270 ||   464
       Peck              |    11 |    12 |    88 |   196 ||   307
       Club              |       |    55 |   198 |    71 ||   324
       Punch             |       |     1 |     6 |       ||     7
       Whip              |       |       |   242 |   568 ||   810
       Staff             |       |       |       |   162 ||   162
Throw: Throwing net      |       |     6 |     1 |       ||     7
       Javelin           |       |     3 |       |       ||     3
 Cast: Necrotise         |       |       |     2 |    23 ||    25
 Abil: Evoke the Staff o |       |       |       |    25 ||    25
Evoke: Wand              |       |       |     2 |    25 ||    27
  Use: Scroll            |       |     6 |     5 |    15 ||    26
       Potion            |       |     1 |     8 |     7 ||    16
 Stab: Sleeping          |     9 |     1 |     3 |     7 ||    20
       Held in net/web   |       |     2 |       |       ||     2
       Invisible         |       |       |     4 |       ||     4
       Distracted        |       |       |     1 |       ||     1
Armor: Leather armour    |    15 |    22 |    67 |    75 ||   179
       Steam dragon scal |       |       |       |    34 ||    34
Dodge: Dodged            |    42 |    63 |   265 |   315 ||   685
       Repelled          |       |       |     3 |     7 ||    10
Block: Buckler           |       |       |    70 |   338 ||   408
       Reflection        |       |       |       |     8 ||     8

Table legend: (Time is in decaauts)
 A = Elapsed time spent in this place.
 B = Non-inter-level travel time spent in this place.
 C = Inter-level travel time spent in this place.
 D = Time resting spent in this place.
 E = Time spent auto-exploring this place.
 F = Levels seen in this place.
 G = Mean time per level.
                   A        B        C        D        E       F      G
               +--------+--------+--------+--------+--------+-----+--------+
         Total |  22366 |  21154 |   1212 |   9582 |   7802 |  17 | 1315.6 |
       Dungeon |  17897 |  16902 |    995 |   7909 |   5861 |  12 | 1491.4 |
        Temple |    172 |    156 |     16 |      0 |    132 |   1 |  172.0 |
          Lair |   3957 |   3756 |    201 |   1494 |   1808 |   3 | 1319.0 |
      Ice Cave |    339 |    339 |      0 |    178 |      0 |   1 |  339.0 |
               +--------+--------+--------+--------+--------+-----+--------+

Top non-repeatable levels by time:
    D:10: 2698 daAuts
     D:6: 1959 daAuts
     D:5: 1942 daAuts
     D:9: 1906 daAuts
  Lair:1: 1717 daAuts
     D:3: 1571 daAuts
     D:4: 1571 daAuts
     D:8: 1512 daAuts
  Lair:2: 1461 daAuts
    D:11: 1284 daAuts
     D:2: 1197 daAuts
     D:1: 1009 daAuts
     D:7: 861 daAuts
  Lair:3: 778 daAuts
    D:12: 382 daAuts
